 Dungeon Crawl Stone Soup version 0.22-a0-348-gd16d139 (webtiles) character file.

100 xccam the Slasher (level 4, 0/33 HPs)
             Began as a Demonspawn Gladiator on Apr 8, 2018.
             Slain by Crazy Yiuf
             ... wielding a +4 quarterstaff of chaos
              (14 damage)
             ... on level 2 of the Dungeon.
             The game lasted 00:04:16 (2146 turns).

xccam the Slasher (Demonspawn Gladiator)            Turns: 2146, Time: 00:04:16

Health: 0/33       AC:  5    Str: 15    XL:     4   Next: 47%
Magic:  4/4        EV: 12    Int:  9    God:
Gold:   48         SH:  0    Dex: 15    Spells: 3/3 levels left

rFire    . . .     SeeInvis .   a - +0 long sword
rCold    . . .     Gourm    .   (no shield)
rNeg     . . .     Faith    .   i - +0 ring mail
rPois    .         Spirit   .   (helmet restricted)
rElec    .         Reflect  .   (no cloak)
rCorr    .         Harm     .   (no gloves)
MR       +....                  (no boots)
Stlth    +.........             (no amulet)
HPRegen  0.11/turn              c - ring of protection from magic
MPRegen  0.09/turn              (no ring)

@: hasted, very quick
A: horns 1, powered by pain 1
a: no special abilities


You were on level 2 of the Dungeon.
You were hungry.

You visited 1 branch of the dungeon, and saw 2 of its levels.

You collected 48 gold pieces.

Inventory:

Hand Weapons
 a - a +0 long sword (weapon)
Missiles
 d - 3 throwing nets (quivered)
Armour
 b - a +0 pair of gloves
 i - a +0 ring mail (worn)
Jewellery
 c - a ring of protection from magic (left hand)
Scrolls
 g - 4 scrolls of remove curse {unknown}
 h - 3 scrolls of blinking {unknown}
 j - a scroll of teleportation {unknown}
Potions
 e - 2 potions of heal wounds {unknown}
 k - a potion of flight {unknown}
 l - a potion of might {unknown}
Comestibles
 f - 4 rations


   Skills:
 - Level 2.0 Fighting
 - Level 3.3 Long Blades
 - Level 1.7 Throwing
 - Level 2.6 Dodging
 + Level 3.2 Unarmed Combat


You had 3 spell levels left.
You didn't know any spells.

Dungeon Overview and Level Annotations

Branches:
Dungeon (2/15)

Altars:
Ru

Annotations:
D:2 Crazy Yiuf


Innate Abilities, Weirdness & Mutations

You have a pair of small horns on your head.
You sometimes gain a little power by taking damage.


Message History

You closely miss Crazy Yiuf.
Crazy Yiuf is lightly wounded.
Crazy Yiuf says, "Mama sing fast!"
Crazy Yiuf closely misses you.
Crazy Yiuf whimpers, "Citrus!"
Crazy Yiuf hits you with a quarterstaff of chaos!
Crazy Yiuf burns you.
You hit Crazy Yiuf. You headbutt Crazy Yiuf!
Crazy Yiuf is severely wounded.
Crazy Yiuf hits you with a quarterstaff of chaos!
You feel yourself speed up.
Unknown command.
You barely miss Crazy Yiuf.
You headbutt Crazy Yiuf, but do no damage.
Crazy Yiuf is severely wounded.
Unknown command.
You closely miss Crazy Yiuf. You headbutt Crazy Yiuf.
Crazy Yiuf is almost dead.
Crazy Yiuf hits you with a quarterstaff of chaos!
You die...

........'....#..............#
#########...##..............#
####....'.............(.....#
..##.##################.....#
#.##.# #.....# #.##.# #######
#.##.####♣♣ #### ###########
#.##.#....♣♣ ♣♣#..)#
#.........†
#.##......)♣♣♣♣.@g..#
###########
#.####......♣..♣#...# #.#
##....♣.♣♣♣ #### #.###
###♣♣♣♣♣ #...# #†..# #####
### #...# #...# ###'#####
#...# #...# #.......#
#...########...#####.......#


You could see Crazy Yiuf.

Vanquished Creatures
  Terence (D:2)
  4 adders (D:2)
  An ooze (D:1)
  2 dart slugs
  3 leopard geckos
  2 ball pythons
  A giant cockroach (D:1)
  3 goblins
  7 hobgoblins
  2 bats
  2 frilled lizards (D:2)
  2 kobolds (D:1)
  A rat (D:2)
31 creatures vanquished.

Notes
Turn   | Place    | Note
-------+----------+-------------------------------------------
     0 | D:1      | xccam the Demonspawn Gladiator began the quest for the Orb.
     0 | D:1      | Reached XP level 1. HP: 16/16 MP: 1/1
   408 | D:1      | Gained mutation: You have a pair of small horns on your head. [demonic ancestry]
   408 | D:1      | Reached XP level 2. HP: 21/22 MP: 2/2
   657 | D:1      | Reached skill level 1 in Unarmed Combat
   941 | D:2      | Found a sacrificial altar of Ru.
   969 | D:2      | Noticed Terence
   978 | D:2      | HP: 1/22 [Terence/flail (5)]
   981 | D:2      | Killed Terence
   981 | D:2      | Reached XP level 3. HP: 2/27 MP: 3/3
  1535 | D:2      | Gained mutation: You sometimes gain a little power by taking damage. [demonic ancestry]
  1535 | D:2      | Reached XP level 4. HP: 25/33 MP: 4/4
  1769 | D:2      | Found a runed door.
  2140 | D:2      | Noticed Crazy Yiuf
  2146 | D:2      | Slain by Crazy Yiuf

Vault maps used:
D:1:      denvon_arrival_planthouse, hex_large, minmay_misc_feat_five,
          nrook_uturn
D:2:      lemuel_doored_altar, uniq_terence, uniq_crazy_yiuf_cottage

Skill      XL: |  1  2  3  4 |
---------------+-------------+-----
Long Blades    | 3 |  3.3
Unarmed Combat | 2 3 |  3.2
Fighting       | |  2.0
Throwing       | |  1.7
Dodging        | |  2.6

Action                   |  1- 3 |  4- 6 || total
-------------------------+-------+-------++-------
Melee: Long sword        |    43 |    28 ||    71
       Headbutt          |    11 |    10 ||    21
  Eat: Chunk             |     1 |     2 ||     3
Armor: Leather armour    |     2 |       ||     2
       Ring mail         |       |    11 ||    11
Dodge: Dodged            |    37 |    18 ||    55
       Rpst.: Long sword |    18 |     4 ||    22

Table legend:
 A = Spawn XP
 B = Non-spawn XP
 C = Spawn XP percentage of total XP
 D = Spawn monster count
 E = Non-spawn monster count
 F = Spawn count percentage of total count
 G = Total turns spent on level
                    A         B        C        D         E        F      G
               +---------+---------+-------+---------+---------+-------+---------
         Total |       0 |     144 |   0.0 |       0 |      31 |   0.0 |  2146
               +---------+---------+-------+---------+---------+-------+---------
           D:1 |       0 |      32 |   0.0 |       0 |      13 |   0.0 |   921
           D:2 |       0 |     112 |   0.0 |       0 |      18 |   0.0 |  1225
               +---------+---------+-------+---------+---------+-------+---------
